 Dungeon Crawl Stone Soup version 0.29-a0-885-gb26ba3297d (webtiles) character file.

Game seed: 10149667465844289060

7383 kae the Arsonist (level 10, -8/77 HPs)
             Began as a Demigod Fire Elementalist on July 20, 2022.
             Mangled by a cyclops (31 damage)
             ... on level 9 of the Dungeon.
             The game lasted 00:10:25 (11952 turns).

kae the Arsonist (Demigod Fire Elementalist)       Turns: 11952, Time: 00:10:25

Health: -8/77      AC:  8    Str:  9    XL:     10   Next: 61%
Magic:  12/22      EV: 17    Int: 29    God:
Gold:   517        SH:  5    Dex: 14    Spells: 7/20 levels left

rFire   . . .      SeeInvis .   n - +5 whip "Ympin" {protect, rElec}
rCold   . . .      Faith    .   (no shield)
rNeg    + . .      Spirit   .   M - +1 leather armour {Will+}
rPois   .          Reflect  +   Z - +2 hat {Will+}
rElec   +          Harm     .   (no cloak)
rCorr   .          Rampage  .   l - +0 pair of gloves
Will    +++..                   x - +0 pair of boots
Stlth   ++........              f - amulet of reflection
HPRegen 0.22/turn               E - +4 ring of evasion
MPRegen 0.18/turn               N - ring of positive energy

@: no status effects
A: high MP 1, forlorn, divine attributes
a: no special abilities


You were on level 9 of the Dungeon.
You visited 1 branch of the dungeon, and saw 9 of its levels.

You collected 517 gold pieces.


Innate Abilities, Weirdness & Mutations

You have an increased reservoir of magic. (+10% MP)
You shall have no god before yourself.
Your divine heritage dramatically boosts your attributes as you level up.


   Skills:
 + Level 3.5 Fighting
 + Level 3.5 Armour
 + Level 4.1 Dodging
 - Level 1.7 Stealth
 + Level 5.9 Spellcasting
 * Level 9.0 Conjurations
 * Level 9.3 Fire Magic


You had 7 spell levels left.
You knew the following spells:

 Your Spells              Type           Power      Damage    Failure   Level
a - Foxfire               Conj/Fire      100%       2x1d9     1%          1
b - Scorch                Fire           100%       2d10      1%          2
c - Conjure Flame         Conj/Fire      58%        6-21      1%          3
d - Inner Flame           Hex/Fire       35%        N/A       3%          3
e - Flame Wave            Conj/Fire      58%        2d11      1%          4

Your spell library contained the following spells:

 Spells                   Type           Power      Damage    Failure   Level
 Dazzling Flash           Conj/Hex       68%        N/A       3%          3
 Call Canine Familiar     Summ           8%         N/A       24%         3
 Portal Projectile        Hex/Tloc       16%        N/A       24%         3
 Tukima's Dance           Hex            8%         N/A       24%         3
 Leda's Liquefaction      Hex/Erth       4%         N/A       61%         4
 Passage of Golubria      Tloc           8%         N/A       61%         4
 Agony                    Necr           8%         N/A       91%         5
 Silence                  Hex/Air        4%         N/A       91%         5
 Yara's Violent Unravell  Hex/Tmut       4%         3d4       91%         5

Inventory:

Hand Weapons
 n - the +5 whip "Ympin" (weapon) {protect, rElec}
   (You found it on level 3 of the Dungeon)

   It grants its wielder temporary protection when it strikes (+7 to AC).
   rElec:     It insulates you from electricity.
Missiles
 a - 5 throwing nets {=f!f}
 p - 13 boomerangs
 D - 2 javelins
 K - 7 poisoned darts
 L - 76 stones
 Y - a curare-tipped dart {=f}
Armour
 l - a +0 pair of gloves (worn)
   (You found it on level 2 of the Dungeon)
 o - the +5 scale mail "Xopynt" {*Corrode Regen+ Stlth+}
   (You found it on level 3 of the Dungeon)

   Regen:     It increases your rate of health regeneration.
   *Corrode:  It may corrode you when you take damage.
   Stlth:     It makes you more stealthy.
 x - a +0 pair of boots (worn)
   (You found it on level 3 of the Dungeon)
 y - the +2 ring mail "Jumax" {Rampage Will- Int+4 Dex+2}
   (You found it on level 3 of the Dungeon)

   Int:       It affects your intelligence (+4).
   Dex:       It affects your dexterity (+2).
   Rampage:   It bestows one free step when moving towards enemies.
   Will:      It decreases your willpower.
 H - the +3 scale mail of the Marlin {rC+ Str+2}
   (You found it on level 5 of the Dungeon)

   Str:       It affects your strength (+2).
   rC:        It protects you from cold.
 M - a +1 leather armour of willpower (worn)
   (You took it off an orc on level 6 of the Dungeon)
 O - a +0 ring mail
   (You found it on level 9 of the Dungeon)
 Q - a +0 cloak
   (You took it off Maurice on level 9 of the Dungeon)
 R - a +0 scale mail
   (You took it off a gnoll sergeant on level 9 of the Dungeon)
 X - +2 steam dragon scales
   (You took it off Maggie on level 8 of the Dungeon)
 Z - a +2 hat of willpower (worn)
   (You found it on level 4 of the Dungeon)
Jewellery
 c - a ring of ice
   (You found it on level 7 of the Dungeon)
 e - a +4 ring of evasion
   (You found it on level 7 of the Dungeon)
 f - an amulet of reflection (around neck)
   (You found it on level 1 of the Dungeon)
 C - a ring of ice
   (You took it off an orc on level 6 of the Dungeon)
 E - a +4 ring of evasion (left hand)
   (You found it on level 2 of the Dungeon)
 G - an amulet of guardian spirit
   (You took it off a kobold brigand on level 8 of the Dungeon)
 N - a ring of positive energy (right hand)
   (You found it on level 7 of the Dungeon)
Wands
 j - a wand of quicksilver (17)
   (You found it on level 7 of the Dungeon)
 F - a wand of digging (2)
   (You took it off Maurice on level 9 of the Dungeon)
 P - a wand of flame (4)
   (You took it off Erolcha on level 9 of the Dungeon)
Scrolls
 i - 3 scrolls of identify {@r1}
 k - 2 scrolls of magic mapping {!r}
 q - 5 scrolls of teleportation {@r4}
 s - 2 scrolls of fear
 t - a scroll of brand weapon
 v - 3 scrolls of amnesia
 z - 3 scrolls of enchant armour
 A - a scroll of blinking {!r}
Potions
 b - 3 potions of magic
 d - 3 potions of lignification {!q}
 g - 6 potions of heal wounds {@q2}
 h - 2 potions of cancellation
 m - 2 potions of attraction {!q}
 r - 3 potions of flight
 u - a potion of invisibility
 w - 2 potions of curing {@q1}
 B - a potion of brilliance {unknown}
 I - 3 potions of mutation {unknown}
 J - 2 potions of might
Miscellaneous
 S - a phial of floods
   (You found it on level 9 of the Dungeon)

Dungeon Overview and Level Annotations

Branches:
Dungeon (9/15) Zot: 25286  Temple (0/1) D:4            Lair (0/5) D:8
    Orc: D:9-12

Annotations:
D:2 1 runed translucent door, Crazy Yiuf
D:6 3 runed translucent doors, catramo's ghost, novice DsHu
D:9 exclusions: howler monkey and steam dragon

#.# ### #.# ♣.♣ ♣♣ ♣
..# ♣.♣ ♣♣.♣ . ..#♣♣.♣♣
♣♣.♣ #♣.
..#♣...♣#♣..♣♣#.♣♣♣
..#♣...♣#.♣♣.♣#.♣.♣
..#♣...♣#.♣♣♣.#.♣.♣
..#♣.....[..♣.♣.♣C♣.#.#
...)........♣...@≈....#
#.#♣†.....♣.♣♣♣.♣?♣.#.#
#.#♣...♣#♣♣♣.♣#.♣.♣
#.#♣...♣ ♣♣#.♣.♣
..#♣...♣ #.♣♣♣ #.#♣♣.♣♣
#♣. ..# ♣.♣ . #.# ♣.♣ ♣
#.#######


You could see a cyclops (combustible).


Message History

Could not pick up a wand of digging (2) here; ([A]lways) ignore it? [Y]es, [N]o, or [A]lways only, please.
Could not pick up a wand of digging (2) here; ([A]lways) ignore it?
Okay, then.
You drop a +0 robe.
You drop a +0 scale mail.
You drop a +0 robe.
You drop +0 steam dragon scales.
You drop a +0 scale mail.
You drop a +0 robe. x2
Unknown command.
F - a wand of digging (2)
Items here: ) [[[[[[[.
O - a +0 ring mail
Items here: ) [[[[[[[.
There is a shaft here.
Key pressed, stopping explore.
A killer bee comes into view.
A killer bee is nearby!
A killer bee is nearby!
A killer bee is nearby!
A killer bee is nearby!
The killer bee buzzes angrily.
Things that are here:
a +0 giant club; a +0 giant club
Casting: Foxfire (safe; 1% risk of failure)
Confirm with . or Enter, or press ? or * to list all spells.
You conjure some foxfire!
The killer bee misses you. The killer bee closely misses you.
The foxfire hits the killer bee. x2; The killer bee barely misses you.
You block the killer bee's attack. 😎 MP[-1]
You lost 1 mp, and now have 21/22 mp.
Casting: Foxfire (safe; 1% risk of failure)
Confirm with . or Enter, or press ? or * to list all spells.
Flames lash the killer bee.
You kill the killer bee! 😎 MP[-2]
You lost 2 mp, and now have 19/22 mp.
Casting: Scorch (safe; 1% risk of failure)
Confirm with . or Enter, or press ? or * to list all spells.
You can't see any susceptible monsters within range! (Use Z to cast anyway.)
R - a +0 scale mail
Things that are here:
a +0 buckler; a +0 vorpal spear 😎 MP[+3]
Your mp is fully restored (22).
A cyclops comes into view.
A cyclops is nearby!
A cyclops is nearby!
A cyclops is nearby!
A cyclops is nearby!
A cyclops is nearby!
Casting: Scorch (safe; 1% risk of failure)
Confirm with . or Enter, or press ? or * to list all spells.
You conjure some foxfire!
The cyclops shouts!
The foxfire hits the cyclops but does no damage. x2 😎 MP[-1]
You lost 1 mp, and now have 21/22 mp.
Casting: Foxfire (safe; 1% risk of failure)
Confirm with . or Enter, or press ? or * to list all spells.
You conjure some foxfire!
The foxfire hits the cyclops. 😎 MP[-1]
You lost 1 mp, and now have 20/22 mp.
Casting: Foxfire (safe; 1% risk of failure)
Confirm with . or Enter, or press ? or * to list all spells.
Flames lash the cyclops.
The cyclops's fire resistance burns away.
The cyclops hits you!! 😮 HP[-26] MP[-1]
You take 26 damage, and now have 51/77 hp.
MASSIVE DAMAGE!! (PAUSE)
You lost 1 mp, and now have 19/22 mp.
Casting: Scorch (safe; 1% risk of failure)
Confirm with . or Enter, or press ? or * to list all spells.
Flames lash the cyclops.
The cyclops is burned terribly!
The cyclops hits you but does no damage. 😮 HP[+1] MP[-2]
You lost 2 mp, and now have 17/22 mp.
Casting: Scorch (safe; 1% risk of failure)
Confirm with . or Enter, or press ? or * to list all spells.
Flames lash the cyclops.
The cyclops is burned terribly!
The cyclops hits you!!
* * * LOW HITPOINT WARNING * * *
The cyclops closely misses you. 😨 HP[-30] MP[-2]
You take 30 damage, and now have 22/77 hp.
MASSIVE DAMAGE!! (PAUSE)
You lost 2 mp, and now have 15/22 mp.
Casting: Scorch (safe; 1% risk of failure)
Confirm with . or Enter, or press ? or * to list all spells.
Flames lash the cyclops.
The cyclops barely misses you. 😨 HP[+1] MP[-1]
You lost 1 mp, and now have 14/22 mp.
Unknown command.
Casting: Scorch (safe; 1% risk of failure)
Confirm with . or Enter, or press ? or * to list all spells.
Flames lash the cyclops.
The cyclops is burned terribly!
The cyclops hits you!!
You die...

Skill      XL: |  1  2  3  4  5  6  7  8  9 10 |
---------------+-------------------------------+-----
Conjurations   | 1 2 3 4 5 7 8 9 |  9.0
Fire Magic     | 3 4 5 6 7 8 9 |  9.3
Spellcasting   | 2 3 4 5 |  5.9
Dodging        | 2 3 4 |  4.1
Fighting       | 2 3 |  3.5
Armour         | 2 3 |  3.5
Stealth        | |  1.7

Action                   |  1- 3 |  4- 6 |  7- 9 | 10-12 || total
-------------------------+-------+-------+-------+-------++-------
Melee: Unarmed           |     1 |       |       |       ||     1
       Whip              |       |       |     1 |       ||     1
 Cast: Foxfire           |    98 |    60 |   164 |    29 ||   351
       Scorch            |    10 |    15 |    46 |    18 ||    89
       Conjure Flame     |       |     3 |     8 |     6 ||    17
       Inner Flame       |       |       |     9 |     6 ||    15
       Flame Wave        |       |       |     9 |     3 ||    12
Evoke: Wand              |       |       |     2 |       ||     2
  Use: Potion            |     1 |       |       |       ||     1
       Scroll            |     5 |       |    12 |       ||    17
Armor: Robe              |     5 |       |     5 |       ||    10
       Leather armour    |       |       |    19 |    10 ||    29
Dodge: Dodged            |    38 |    17 |    84 |    29 ||   168
Block: Other             |    15 |     7 |    22 |    10 ||    54
       Reflection        |       |     1 |     2 |       ||     3

Levels and vault maps discovered:
D:1:      saegor_arrival_simple_b, layout_basic,
          shapermc_ecumenical_altar_ellora
D:2:      layout_basic, uniq_crazy_yiuf_cottage
D:3:      layout_loops_cross
D:4:      layout_layer_cave, minitemple, nicolae_overflow_hallway_of_the_gods,
          minmay_temple_entry_stoned_glass
D:5:      layout_loops_ring, uniq_blork_the_orc, uniq_grinder
D:6:      layout_basic, biasface_ghost_orc_armoury,
          chequers_serial_rivers_micro_d
D:7:      layout_cave_pods, palyth_temple_overflow_mages, amcnicky_altar_gilded,
          minmay_hedge_maze, grunt_ministairs_3, uniq_pikel
D:8:      layout_cave_pools, lair_entry_dummy, chequers_serial_rivers_small_3,
          kennysheep_generic_room_13, uniq_grum, uniq_maggie
D:9:      nzn_winding_woodlands_three_and_one [nzn_winding_woodlands_5x15_eye,
          nzn_winding_woodlands_5x15_crooked,
          nzn_winding_woodlands_5x15_default,
          nzn_winding_woodlands_center_triple_pond], layout_loops_ring,
          grunt_dithmenos_shadows, uniq_maurice, uniq_erolcha

Notes
Turn   | Place    | Note
-------+----------+-------------------------------------------
     0 | D:1      | kae the Demigod Fire Elementalist began the quest for the
                  | Orb.
     0 | D:1      | Reached XP level 1. HP: 14/14 MP: 5/5
     0 | D:1      | magus.rc [v1.11.3]
    48 | D:1      | Reached skill level 1 in Conjurations
    91 | D:1      | You add the spells Tukima's Dance, Passage of Golubria and
                  | Yara's Violent Unravelling to your library.
   238 | D:1      | Reached XP level 2. HP: 20/20 MP: 4/7
   240 | D:1      | Reached skill level 3 in Fire Magic
   326 | D:1      | Reached skill level 2 in Spellcasting
   374 | D:1      | Learned a level 2 spell: Scorch
   923 | D:1      | Reached XP level 3. HP: 21/26 MP: 1/8
  1229 | D:1      | You fall into a shaft and drop 1 floor!
  1289 | D:2      | Reached skill level 2 in Conjurations
  2019 | D:3      | Identified the +5 whip "Ympin" {protect, rElec}
  2090 | D:3      | Identified the +5 scale mail "Xopynt" {*Corrode Regen+
                  | Stlth+}
  2389 | D:2      | Found a runed translucent door.
  2390 | D:2      | Noticed Crazy Yiuf
  2465 | D:2      | Reached XP level 4. HP: 33/33 MP: 4/10
  2815 | D:3      | Identified the +2 ring mail "Jumax" {Rampage Will- Int+4
                  | Dex+2}
  3147 | D:3      | Learned a level 3 spell: Conjure Flame
  3226 | D:4      | Found a staircase to the Ecumenical Temple.
  3870 | D:5      | Entered Level 5 of the Dungeon
  3908 | D:5      | Identified the +3 scale mail of the Marlin {rC+ Str+2}
  3973 | D:5      | Reached skill level 3 in Conjurations
  3973 | D:5      | Reached skill level 4 in Fire Magic
  3973 | D:5      | Reached XP level 5. HP: 13/38 MP: 3/11
  3974 | D:5      | HP: 9/38 [poisoned by a scorpion]
  3979 | D:5      | HP: 4/38 [poisoned by a scorpion]
  4324 | D:5      | You pick up a book of the Hunter and begin reading...
  4324 | D:5      | You add the spells Call Canine Familiar, Portal Projectile
                  | and Leda's Liquefaction to your library.
  4366 | D:5      | Noticed a black bear
  4383 | D:5      | Killed a black bear
  4384 | D:5      | Reached XP level 6. HP: 18/45 MP: 1/13
  4566 | D:5      | You pick up a book of the Senses and begin reading...
  4566 | D:5      | You add the spells Dazzling Flash, Agony and Silence to
                  | your library.
  4588 | D:5      | Noticed Blork the orc
  4599 | D:5      | Killed Blork the orc
  4600 | D:5      | Reached skill level 3 in Spellcasting
  4696 | D:5      | Reached skill level 4 in Conjurations
  4769 | D:5      | Reached skill level 5 in Fire Magic
  5003 | D:5      | Noticed Grinder
  5017 | D:5      | Killed Grinder
  5018 | D:5      | Reached XP level 7. HP: 40/50 MP: 4/15
  5560 | D:6      | Reached skill level 5 in Conjurations
  5890 | D:6      | Reached skill level 6 in Fire Magic
  6230 | D:6      | Noticed a wyvern
  6239 | D:6      | Killed a wyvern
  6240 | D:6      | Reached skill level 4 in Spellcasting
  6240 | D:6      | Reached XP level 8. HP: 42/57 MP: 8/17
  6337 | D:6      | Found a runed translucent gate.
  6337 | D:6      | Noticed catramo's ghost (novice DsHu)
  6338 | D:6      | Found a runed translucent gate.
  6339 | D:6      | Found a runed translucent gate.
  6990 | D:7      | Reached skill level 6 in Conjurations
  7495 | D:7      | Noticed Pikel
  7535 | D:7      | Killed Pikel
  7536 | D:7      | Reached skill level 7 in Fire Magic
  7706 | D:7      | Reached skill level 7 in Conjurations
  7721 | D:7      | Learned a level 4 spell: Flame Wave
  7725 | D:7      | Learned a level 3 spell: Inner Flame
  8092 | D:7      | Reached skill level 2 in Dodging
  8092 | D:7      | Reached XP level 9. HP: 63/63 MP: 16/19
  8393 | D:7      | Reached skill level 1 in Fighting
  8393 | D:7      | Reached skill level 1 in Armour
  8652 | D:8      | Noticed Grum
  8654 | D:8      | Noticed Maggie
  8655 | D:8      | Reached skill level 5 in Spellcasting
  8656 | D:8      | Reached skill level 8 in Fire Magic
  8682 | D:8      | Found a staircase to the Lair.
  8688 | D:8      | Killed Grum
  9147 | D:8      | Reached skill level 2 in Fighting
  9147 | D:8      | Reached skill level 2 in Armour
  9595 | D:8      | Killed Maggie
  9596 | D:8      | Reached skill level 3 in Dodging
  9596 | D:8      | Reached skill level 8 in Conjurations
 10243 | D:9      | Noticed Erolcha
 10384 | D:9      | Reached XP level 10. HP: 23/74 MP: 4/22
 10960 | D:9      | Noticed a two-headed ogre
 10975 | D:9      | Killed a two-headed ogre
 10976 | D:9      | Reached skill level 3 in Fighting
 10976 | D:9      | Reached skill level 3 in Armour
 10976 | D:9      | Reached skill level 9 in Fire Magic
 11389 | D:9      | Noticed Maurice
 11397 | D:9      | Paralysed by a hornet for 2 turns
 11399 | D:9      | Killed Maurice
 11697 | D:9      | Killed Erolcha
 11698 | D:9      | Reached skill level 4 in Dodging
 11698 | D:9      | Reached skill level 9 in Conjurations
 11939 | D:9      | Noticed a cyclops
 11952 | D:9      | Mangled by a cyclops

Vanquished Creatures
  Erolcha (D:9)
  A two-headed ogre (D:9)
  Pikel (D:7)
  Maurice (D:9)
  Maggie (D:8)
  A troll (D:9)
  A hornet (D:9)
  Grinder (D:5)
  A shadow (D:9)
  2 wyverns
  Grum (D:8)
  4 steam dragons
  3 water moccasins
  2 sky beasts
  3 black bears
  An ogre (D:7)
  A centaur (D:8)
  2 wolves (D:8)
  4 lemures (D:7)
  2 kobold brigands
  A necrophage (D:8)
  4 bullfrogs
  Blork the orc (D:5)
  3 scorpions
  2 gnoll sergeants
  4 wights (D:6)
  9 killer bees (D:9)
  4 howler monkeys
  2 jellies
  2 hounds
  2 gnoll boudas
  3 orc priests
  3 iguanas
  7 orc wizards
  14 gnolls
  2 adders
  A shadow imp (D:6)
  2 white imps
  2 ufetubi (D:5)
  2 worms (D:2)
  2 dart slugs
  20 orcs
  4 endoplasms
  5 giant cockroaches
  2 goblins
  5 hobgoblins
  11 jackals (D:1)
  12 kobolds
  2 quokkas (D:3)
  6 ball pythons
  8 bats
  7 frilled lizards
  4 rats (D:1)
192 creatures vanquished.

Vanquished Creatures (others)
  A shadow imp (D:7)
  596 foxfires
597 creatures vanquished.

Grand Total: 789 creatures vanquished

Table legend:
 A = Non-vault XP
 B = Vault XP
 C = Vault XP percentage of total XP
 D = Non-vault monster count
 E = Vault monster count
 F = Vault count percentage of total count
                 A         B        C        D         E       F
            +---------+---------+-------+---------+---------+-------
      Total |    5145 |    5403 |  51.2 |     162 |      26 |  13.8
            +---------+---------+-------+---------+---------+-------
        D:1 |      55 |       0 |   0.0 |      32 |       0 |   0.0
        D:2 |      45 |       0 |   0.0 |      17 |       0 |   0.0
        D:3 |      34 |       0 |   0.0 |      16 |       0 |   0.0
        D:4 |      22 |       0 |   0.0 |       5 |       0 |   0.0
        D:5 |     534 |     354 |  39.9 |      11 |       2 |  15.4
        D:6 |     864 |       0 |   0.0 |      22 |       0 |   0.0
        D:7 |    1139 |    1053 |  48.0 |      24 |      10 |  29.4
        D:8 |    1177 |     827 |  41.3 |      20 |       5 |  20.0
        D:9 |    1275 |    3169 |  71.3 |      15 |       9 |  37.5
            +---------+---------+-------+---------+---------+-------

Illustrated notes

Table legend:
 A = Kills in this place as a percentage of kills in entire the game.
 B = Kills by you in this place as a percentage of kills by you in the entire game.
 C = Kills by friends in this place as a percentage of kills by friends in the entire game.
 D = Other kills in this place as a percentage of other kills in the entire game.
 E = Experience gained in this place as a percentage of experience gained in the entire game.
 F = Experience gained in this place divided by the number of levels of this place that you have seen.
                   A       B       C       D       E      F
               +-------+-------+-------+-------+-------+----------------------
         Total | 100.0 | 100.0 |   N/A |   N/A | 100.0 | 1172.0
       Dungeon | 100.0 | 100.0 |   N/A |   N/A | 100.0 | 1172.0
               +-------+-------+-------+-------+-------+----------------------

Table legend: (Time is in decaauts)
 A = Elapsed time spent in this place.
 B = Non-inter-level travel time spent in this place.
 C = Inter-level travel time spent in this place.
 D = Time resting spent in this place.
 E = Time spent auto-exploring this place.
 F = Levels seen in this place.
 G = Mean time per level.
                   A        B        C        D        E       F      G
               +--------+--------+--------+--------+--------+-----+--------+
         Total |  11959 |  11613 |    346 |   1762 |   8254 |   9 | 1328.8 |
       Dungeon |  11959 |  11613 |    346 |   1762 |   8254 |   9 | 1328.8 |
               +--------+--------+--------+--------+--------+-----+--------+

Top non-repeatable levels by time:
     D:7: 2652 daAuts
     D:6: 1576 daAuts
     D:5: 1432 daAuts
     D:9: 1256 daAuts
     D:1: 1229 daAuts
     D:8: 1171 daAuts
     D:2: 1084 daAuts
     D:3: 873 daAuts
     D:4: 682 daAuts
